 Dungeon Crawl Stone Soup version 0.27-a0-998-g4cfe56dd59 (webtiles) character file.

Game seed: 3245685353331070742

1611 harryhousin the Stinger (level 8, -1/64 HPs)
             Began as a Gnoll Wanderer on Apr 16, 2021.
             Was an Initiate of Vehumet.
             Slain by Duvessa
             ... wielding a +5 short sword of speed
              (11 damage)
             ... on level 6 of the Dungeon.
             The game lasted 00:50:42 (8810 turns).

harryhousin the Stinger (Gnoll Wanderer)            Turns: 8810, Time: 00:50:43

Health: -1/64      AC:  7    Str: 11    XL:     8   Next: 95%
Magic:  0/15       EV: 13    Int: 16    God:    Vehumet [......]
Gold:   248        SH:  0    Dex: 16    Spells: 10/16 levels left

rFire    . . .     SeeInvis .   b - staff of poison
rCold    . . .     Faith    .   (no shield)
rNeg     . . .     Spirit   .   d - +0 robe
rPois    +         Reflect  .   o - +0 helmet
rElec    .         Harm     .   (no cloak)
rCorr    .         Rampage  .   (no gloves)
Will     .....                  (no boots)
Stlth    +++.......             x - amulet of the acrobat
HPRegen  0.20/turn              n - +6 ring of dexterity
MPRegen  0.14/turn              q - +4 ring of protection

@: no status effects
A: fangs 1, strong nose, distributed training
a: Renounce Religion


You were on level 6 of the Dungeon.
You worshipped Vehumet.
Vehumet was noncommittal.
You visited 2 branches of the dungeon, and saw 7 of its levels.

You collected 248 gold pieces.

Inventory:

Missiles
 y - 5 boomerangs of dispersal
Armour
 d - a +0 robe (worn)
 o - a +0 helmet (worn)
Magical Staves
 b - a staff of poison (weapon)
Jewellery
 n - a +6 ring of dexterity (left hand)
 q - a +4 ring of protection (right hand)
 x - an amulet of the acrobat (around neck)
Wands
 j - a wand of flame (13)
Scrolls
 a - 2 scrolls of noise
 e - a scroll of summoning {unknown}
 g - 3 scrolls of magic mapping
 k - a scroll of blinking {unknown}
 l - a scroll of enchant weapon {unknown}
 r - a scroll of enchant armour {unknown}
 t - 2 scrolls of teleportation
 v - 2 scrolls of immolation {unknown}
Potions
 f - a potion of curing
 h - 2 potions of mutation
 i - a potion of cancellation {unknown}
 m - 2 potions of heal wounds
 p - 2 potions of might
 s - a potion of flight
 u - a potion of invisibility {unknown}
 w - 3 potions of haste {unknown}
 z - a potion of magic {unknown}
Miscellaneous
 c - a piece from Xom's chessboard (15/15) (quivered)


   Skills:
 + Level 6.0 Fighting
 + Level 3.7 Short Blades
 + Level 3.7 Long Blades
 + Level 3.7 Axes
 + Level 3.7 Maces & Flails
 + Level 3.7 Polearms
 + Level 3.7 Staves
 + Level 3.7 Slings
 + Level 4.5 Bows
 + Level 3.7 Crossbows
 + Level 3.7 Throwing
 + Level 3.7 Armour
 + Level 3.7 Dodging
 + Level 3.7 Stealth
 + Level 3.7 Shields
 + Level 3.7 Unarmed Combat
 + Level 4.7 Spellcasting
 + Level 3.0 Conjurations
 + Level 3.0 Hexes
 + Level 3.0 Summonings
 + Level 3.0 Necromancy
 + Level 3.0 Translocations
 + Level 3.0 Transmutations
 + Level 3.0 Fire Magic
 + Level 3.0 Ice Magic
 + Level 3.0 Air Magic
 + Level 3.0 Earth Magic
 + Level 7.8 Poison Magic
 + Level 4.1 Invocations
 + Level 6.0 Evocations


You had 10 spell levels left.
You knew the following spells:

 Your Spells              Type           Power      Damage    Failure   Level
a - Sting                 Tmut/Pois      100%       1d8       1%          1
b - Magic Dart            Conj           52%        1d5       4%          1
c - Blink                 Tloc           N/A        N/A       7%          2
d - Call Imp              Summ           13%        N/A       7%          2

Your spell library contained the following spells:

 Spells                   Type           Power      Damage    Failure   Level
 Sandblast                Erth           26%        2d8       4%          1
 Spider Form              Tmut/Pois      15%        N/A       4%          3
 Passwall                 Tmut/Erth      10%        N/A       7%          2
 Slow                     Hex            13%        N/A       7%          2
 Mephitic Cloud           Conj/Pois/Air  28%        N/A       7%          3
 Conjure Flame            Conj/Fire      13%        6-21      13%         3
 Stone Arrow              Conj/Erth      26%        3d8       13%         3
 Petrify                  Tmut/Erth      13%        N/A       41%         4
 Lee's Rapid Deconstruct  Erth           6%         3d7*      77%         5


Dungeon Overview and Level Annotations

Branches:
Dungeon (6/15)             Temple (1/1) D:6

Altars:
Ashenzari
Dithmenos
Elyvilon
Fedhas
Gozag
Hepliaklqana
Kikubaaqudgha
Nemelex Xobeh
Qazlal
Ru
Sif Muna
Uskayaw
Vehumet
Wu Jian
Xom
Yredelemnul
Zin
The Shining One

Shops:
D:3 :(:   D:4 (   D:6 *

Annotations:
D:3 3 runed translucent doors, porpoise's ghost, amateur DjVM
D:6 1 runed translucent door, Crazy Yiuf; Dowan; Duvessa


Innate Abilities, Weirdness & Mutations

You have very sharp teeth.
Your uncanny sense of smell can sniff out nearby items.
Your experience applies equally to all skills.


Message History

Okay, then.
Casting: Magic Dart (safe; 4% risk of failure)
Confirm with . or Enter, or press ? or * to list all spells.
Aiming: Sting (safe; 1% risk of failure)
Press: ? - help, Shift-Dir - straight line, f/p - Duvessa
Aim: Duvessa, wielding a +5 short sword of speed and wearing a +0 leather armour (heavily wounded, poisoned, ally target, 81% to hit)
You feel a surge of power!
The sting hits Duvessa but does no damage.
Duvessa looks even sicker.
Duvessa is heavily wounded.
Duvessa hits you with a +5 short sword of speed!
Dowan casts a spell at Duvessa.
Duvessa seems to speed up.
Duvessa hits you with a +5 short sword of speed.
* * * LOW HITPOINT WARNING * * *
Casting: Sting (safe; 1% risk of failure)
Confirm with . or Enter, or press ? or * to list all spells.
Aiming: Sting (safe; 1% risk of failure)
Press: ? - help, Shift-Dir - straight line, f/p - Duvessa
Aim: Duvessa, wielding a +5 short sword of speed and wearing a +0 leather armour (heavily wounded, fast, very poisoned, ally target, 81% to hit)
You feel a surge of power!
The sting hits Duvessa.
Duvessa looks even sicker.
Duvessa is heavily wounded.
Duvessa closely misses you.
Duvessa hits you with a +5 short sword of speed!
* * * LOW HITPOINT WARNING * * *
You swap places.
Duvessa hits your crimson imp with a +5 short sword of speed!
Your crimson imp dies!
Dowan says, "Stay away from my face!"
Dowan casts a spell.
Dowan blinks!
Casting: Sting (safe; 1% risk of failure)
Confirm with . or Enter, or press ? or * to list all spells.
You blink.
Casting: Blink (safe; 7% risk of failure)
Confirm with . or Enter, or press ? or * to list all spells.
A beastly little devil appears in a puff of frigid air.
Your white imp says, "Let's raise havoc!"
Duvessa hits you with a +5 short sword of speed!
You die...

#.###.#####'####.###...###.#
#.# #.# #.#..# #...........#
#.# #.# #.##.# #.####..#####
#.# #.###.##.###.# #..# #.#
#......#.##..# #..# #.#
#####..#.##.#####..#
#.#######..>..5.......<#
#.........##.##.######.#
############.##@# #.#
##...##e# #.# #.....#.# [#
#.......#### #.......e..#
##...#####.# ##.## #ยง# #.#
#.# #.# #.#


You could see Duvessa (fast, very poisoned, ally target), Dowan and a friendly
white imp (summoned).

Vanquished Creatures
  Sigmund (D:4)
  Eustachio (D:6)
  2 water moccasins
  A sky beast (D:6)
  2 ogres
  A water moccasin zombie (D:6)
  2 scorpions
  A water moccasin skeleton (D:6)
  2 hounds (D:4)
  2 orc priests (D:6)
  A jelly (D:5)
  A gnoll shaman (D:5)
  An iguana (D:5)
  A killer bee zombie (D:5)
  5 gnolls (D:5)
  4 adders
  2 white imps (D:5)
  An ufetubus (D:5)
  A worm (D:2)
  5 dart slugs
  16 orcs
  5 ball pythons
  9 endoplasms
  4 giant cockroaches
  7 goblins
  2 hobgoblins
  11 jackals
  4 quokkas
  6 bats
  A frilled lizard (D:2)
  4 kobolds
  7 rats
113 creatures vanquished.

Vanquished Creatures (collateral kills)
  A sky beast (D:6)
  A necrophage (D:6)
  An ogre (D:6)
  An orc wizard (D:6)
  An orc (D:6)
5 creatures vanquished.

Vanquished Creatures (others)
  2 fungi (D:6)
2 creatures vanquished.

Grand Total: 120 creatures vanquished

Notes
Turn   | Place    | Note
-------+----------+-------------------------------------------
     0 | D:1      | harryhousin the Gnoll Wanderer began the quest for the Orb.
     0 | D:1      | harryhousin set off with the following items: a +0 dagger,
                  | a piece from Xom's chessboard (15/15), a +0 robe; and the
                  | following spells available to memorise: Sting, Spider Form,
                  | Magic Dart, Mephitic Cloud, Blink, Call Imp, Slow, Conjure
                  | Flame
     0 | D:1      | Reached XP level 1. HP: 20/20 MP: 4/4
     2 | D:1      | Learned a level 1 spell: Sting
   303 | D:1      | Reached XP level 2. HP: 26/26 MP: 2/5
   867 | D:1      | Reached XP level 3. HP: 31/31 MP: 4/7
  1503 | D:2      | Reached skill level 1 in Invocations
  1765 | D:2      | Reached skill level 1 in Short Blades
  1765 | D:2      | Reached skill level 1 in Long Blades
  1765 | D:2      | Reached skill level 1 in Axes
  1765 | D:2      | Reached skill level 1 in Maces & Flails
  1765 | D:2      | Reached skill level 1 in Polearms
  1765 | D:2      | Reached skill level 1 in Staves
  1765 | D:2      | Reached skill level 1 in Slings
  1765 | D:2      | Reached skill level 1 in Crossbows
  1765 | D:2      | Reached skill level 1 in Throwing
  1765 | D:2      | Reached skill level 1 in Armour
  1765 | D:2      | Reached skill level 1 in Dodging
  1765 | D:2      | Reached skill level 1 in Stealth
  1765 | D:2      | Reached skill level 1 in Shields
  1765 | D:2      | Reached skill level 1 in Unarmed Combat
  1809 | D:2      | Noticed a scorpion
  1814 | D:2      | Killed a scorpion
  1815 | D:2      | Reached skill level 1 in Conjurations
  1815 | D:2      | Reached skill level 1 in Hexes
  1815 | D:2      | Reached skill level 1 in Summonings
  1815 | D:2      | Reached skill level 1 in Necromancy
  1815 | D:2      | Reached skill level 1 in Translocations
  1815 | D:2      | Reached skill level 1 in Transmutations
  1815 | D:2      | Reached skill level 1 in Fire Magic
  1815 | D:2      | Reached skill level 1 in Ice Magic
  1815 | D:2      | Reached skill level 1 in Air Magic
  1815 | D:2      | Reached skill level 1 in Earth Magic
  1815 | D:2      | Reached XP level 4. HP: 37/38 MP: 4/8
  2136 | D:2      | Reached XP level 5. HP: 39/43 MP: 6/9
  2667 | D:3      | Found a runed translucent gate.
  2668 | D:3      | Found a runed translucent gate.
  2669 | D:3      | Found a runed translucent gate.
  2669 | D:3      | Noticed porpoise's ghost (amateur DjVM)
  2699 | D:3      | Found a glowing silver altar of Zin.
  2764 | D:3      | Found Ticaen's Book Shoppe.
  3113 | D:3      | Found Kuxyjul's Antique Weapon Emporium.
  3122 | D:3      | Found Voroa's Book Emporium.
  3607 | D:4      | Found a sacrificial altar of Ru.
  3681 | D:4      | Found Beotafe's Weapon Shop.
  3738 | D:4      | Noticed an ogre
  3747 | D:4      | Killed an ogre
  3748 | D:4      | Reached XP level 6. HP: 30/50 MP: 3/11
  4012 | D:4      | Reached skill level 5 in Fighting
  4012 | D:4      | Reached skill level 5 in Evocations
  4073 | D:4      | Noticed Sigmund
  4076 | D:4      | Learned a level 1 spell: Magic Dart
  4083 | D:4      | Killed Sigmund
  4084 | D:4      | Reached XP level 7. HP: 42/56 MP: 5/12
  4564 | D:5      | Entered Level 5 of the Dungeon
  4895 | D:5      | Found a shimmering altar of Xom.
  5207 | D:5      | Identified the +1 ring mail "Bettyom" {rC+ Stlth+}
  6005 | D:5      | Found a glowing golden altar of the Shining One.
  6022 | D:5      | Reached XP level 8. HP: 63/63 MP: 9/14
  6072 | D:5      | Found an ornate altar of the Wu Jian Council.
  6084 | D:5      | Found a radiant altar of Vehumet.
  6094 | D:5      | Became a worshipper of Vehumet
  6325 | D:5      | Found a shimmering blue altar of Sif Muna.
  6366 | D:6      | Found Enneatod's Serpentskin Sales.
  6850 | D:6      | Found a staircase to the Ecumenical Temple.
  6857 | Temple   | Entered the Ecumenical Temple
  7331 | D:6      | Noticed Eustachio
  7511 | D:6      | Noticed Duvessa
  7511 | D:6      | Noticed Dowan
  7515 | D:6      | Learned a level 2 spell: Blink
  7520 | D:5      | Learned a level 2 spell: Call Imp
  7602 | D:6      | Killed Eustachio
  7865 | D:6      | Found an opulent altar of Gozag.
  8509 | D:6      | Found a sparkling altar of Nemelex Xobeh.
  8662 | D:6      | Found a runed translucent door.
  8663 | D:6      | Noticed Crazy Yiuf
  8810 | D:6      | Slain by Duvessa

Illustrated notes

Levels and vault maps discovered:
D:1:      elethiomel_arrival_maze, layout_loops_corners
D:2:      layout_loops_cross, grunt_ministairs_13
D:3:      layout_loops_ring, old_standard_altar, serial_shops,
          nicolae_shop_stone, nicolae_shop_crystal, shop, gammafunk_ghost_split
D:4:      layout_basic, nicolae_ru_awakened_eye, serial_shops,
          nicolae_shop_crystal, uniq_sigmund
D:5:      layout_rooms, minmay_overflow_temple_star_quad, xom_teletrap_fun,
          led_sif_pool, eino_tiny_chamber
D:6:      layout_loops_ring, grunt_temple_overflow_opulence,
          minmay_temple_entry_proselytizer, minivault_5, guppyfry_shop_venom,
          uniq_menkaure, uniq_crazy_yiuf_cottage, uniq_duvessa, uniq_eustachio
Temple:   jpeg_temple_island

Skill      XL: |  1  2  3  4  5  6  7  8 |
---------------+-------------------------+-----
Invocations    | 1 2 3 4 |  4.1
Short Blades   | 1 2 3 |  3.7
Long Blades    | 1 2 3 |  3.7
Axes           | 1 2 3 |  3.7
Maces & Flails | 1 2 3 |  3.7
Polearms       | 1 2 3 |  3.7
Staves         | 1 2 3 |  3.7
Slings         | 1 2 3 |  3.7
Crossbows      | 1 2 3 |  3.7
Throwing       | 1 2 3 |  3.7
Armour         | 1 2 3 |  3.7
Dodging        | 1 2 3 |  3.7
Stealth        | 1 2 3 |  3.7
Shields        | 1 2 3 |  3.7
Unarmed Combat | 1 2 3 |  3.7
Spellcasting   | 3 4 |  4.7
Conjurations   | 1 2 3 |  3.0
Hexes          | 1 2 3 |  3.0
Summonings     | 1 2 3 |  3.0
Necromancy     | 1 2 3 |  3.0
Translocations | 1 2 3 |  3.0
Transmutations | 1 2 3 |  3.0
Fire Magic     | 1 2 3 |  3.0
Ice Magic      | 1 2 3 |  3.0
Air Magic      | 1 2 3 |  3.0
Earth Magic    | 1 2 3 |  3.0
Bows           | 3 4 |  4.5
Fighting       | 5 6 |  6.0
Evocations     | 5 6 |  6.0
Poison Magic   | |  7.8

Action                   |  1- 3 |  4- 6 |  7- 9 || total
-------------------------+-------+-------+-------++-------
Melee: Staff             |    27 |    39 |    99 ||   165
       Bite              |     1 |       |     6 ||     7
 Cast: Sting             |    55 |    68 |    99 ||   222
       Magic Dart        |       |     2 |    87 ||    89
       Call Imp          |       |       |    14 ||    14
       Blink             |       |       |     1 ||     1
Evoke: Piece from Xom's  |       |       |     1 ||     1
  Use: Potion            |       |       |     3 ||     3
       Scroll            |       |       |     7 ||     7
 Stab: Distracted        |       |       |     1 ||     1
Armor: Robe              |    10 |    12 |    55 ||    77
Dodge: Dodged            |    33 |    37 |    97 ||   167

Table legend: (Time is in decaauts)
 A = Elapsed time spent in this place.
 B = Non-inter-level travel time spent in this place.
 C = Inter-level travel time spent in this place.
 D = Time resting spent in this place.
 E = Time spent auto-exploring this place.
 F = Levels seen in this place.
 G = Mean time per level.
                   A        B        C        D        E       F      G
               +--------+--------+--------+--------+--------+-----+--------+
         Total |   8877 |   8570 |    307 |   3317 |   3097 |   7 | 1268.1 |
       Dungeon |   8497 |   8220 |    277 |   3317 |   2840 |   6 | 1416.2 |
        Temple |    379 |    349 |     30 |      0 |    257 |   1 |  379.0 |
               +--------+--------+--------+--------+--------+-----+--------+

Top non-repeatable levels by time:
     D:5: 2016 daAuts
     D:6: 1466 daAuts
     D:1: 1414 daAuts
     D:4: 1401 daAuts
     D:2: 1177 daAuts
     D:3: 1022 daAuts
  Temple: 379 daAuts
